 Dungeon Crawl Stone Soup version 0.30-a0-242-g7bf8e6d787 (webtiles) character file.

Game seed: 12445864267480650089

0 zishaf the Grasshopper (level 1, 0/17 HPs)
             Began as a Ghoul Warper on Oct 11, 2022.
             Slain by a jackal (1 damage)
             ... on level 1 of the Dungeon.
             The game lasted 00:01:10 (156 turns).

zishaf the Grasshopper (Ghoul Warper)                Turns: 156, Time: 00:01:11

Health: 0/17       AC:  4    Str: 14    XL:     1   Next: 10%
Magic:  2/2        EV: 11    Int:  8    God:
Gold:   16         SH:  0    Dex:  8    Spells: 3/3 levels left

rFire   . . .      SeeInvis +      - Unarmed
rCold   + . .      Faith    .    (no shield)
rNeg    + + +      Spirit   .    a - +0 leather armour
rPois   ∞          Reflect  .    (no helmet)
rElec   .          Harm     .    (no cloak)
rCorr   .          Rampage  .    (no gloves)
Will    .....                    i - +0 pair of boots {Fly}
Stlth   +.........               (no amulet)
HPRegen 0.00/turn                f - ring of see invisible
MPRegen 0.08/turn                (no ring)

@: flying, inhibited regen
A: claws 1, cold resistance 1, negative energy resistance 3, inhibited
regeneration, torment resistance 2, devour on kill
a: no special abilities


You were on level 1 of the Dungeon.
You visited 1 branch of the dungeon, and saw 1 of its levels.

You collected 16 gold pieces.

Inventory:

Missiles
 c - 7 boomerangs of dispersal (quivered)
Armour
 a - a +0 leather armour (worn)
 e - a +0 ring mail
 i - a +0 pair of boots of flying (worn)
Jewellery
 f - a ring of see invisible (left claw)
Scrolls
 b - a scroll of blinking
 g - a scroll of poison {unknown}
Potions
 d - 2 potions of might {unknown}
 h - a potion of heal wounds {unknown}


   Skills:
 * Level 2.2 Fighting
 + Level 0.8 Throwing
 + Level 0.8 Armour
 + Level 1.7 Dodging
 + Level 2.2 Unarmed Combat
 - Level 1.7 Spellcasting
 - Level 2.6 Translocations


You had 3 spell levels left.
You didn't know any spells.
Your spell library contained the following spells:

 Spells                   Type           Power      Damage    Failure   Level
 Blink                    Tloc           10%        N/A       22%         2
 Lesser Beckoning         Tloc           10%        N/A       41%         3
 Teleport Other           Tloc           5%         N/A       41%         3
 Vhi's Electric Charge    Tloc/Air       4%         N/A       61%         3
 Manifold Assault         Tloc           5%         N/A       83%         4


Dungeon Overview and Level Annotations

Branches:
Dungeon (1/15)

Altars:


Innate Abilities, Weirdness & Mutations

You are immune to poison.
You have sharp fingernails.
Your flesh is cold resistant. (rC+)
You are immune to negative energy. (rN+++)
You do not regenerate when monsters are visible.
You are immune to unholy pain and torment.
You thrive by killing the living.


Message History

You closely miss the jackal. The jackal barely misses you.
The jackal bites you but does no damage.
A rat comes into view.
The jackal bites you but does no damage.
The jackal bites you but does no damage.
You barely miss the jackal. Your claw misses the jackal. The jackal bites you.
You closely miss the jackal. The jackal closely misses you.
You completely miss the jackal. The jackal bites you. x2
The jackal misses you.
You scratch the jackal but do no damage.
The jackal bites you but does no damage.
The jackal closely misses you. The jackal bites you.
You closely miss the jackal. The jackal barely misses you. x2
The jackal misses you.
You miss the jackal.
The jackal bites you but does no damage. x2
The jackal closely misses you. The jackal misses you. The jackal bites you.
You scratch the jackal.
The jackal is severely wounded.
The jackal misses you. The jackal barely misses you. The jackal bites you. x2
* * * LOW HITPOINT WARNING * * *
You are too injured to fight recklessly!
You barely miss the jackal. The jackal barely misses you.
The jackal completely misses you.
The jackal bites you but does no damage.
You scratch the jackal but do no damage.
The jackal bites you but does no damage.
The jackal barely misses you.
The jackal bites you but does no damage.
The jackal completely misses you.
You scratch the jackal but do no damage.
The jackal bites you.
* * * LOW HITPOINT WARNING * * *
The jackal bites you but does no damage. x2
The jackal barely misses you.
The jackal bites you but does no damage.
You barely miss the jackal. The jackal bites you.
* * * LOW HITPOINT WARNING * * *
The jackal bites you.
You die...

...........#.≈...
#..........#.≈...
#..........#.≈.<. .##
###..##......#.≈...
....###)...........#..÷÷÷
#gh..............#..÷8÷
#...#...h.....#....#⌠.÷÷÷
# #..#h####.#....####>#
.....#@# #.........###
r###.ghh# ####........#
#..### #........# ....
#........# ##...
#......... #.. #.........
#. ########.. ## ###


You could see 4 jackals and a hobgoblin.

Vanquished Creatures
  A kobold (D:1)
1 creature vanquished.

Notes
Turn   | Place    | Note
-------+----------+-------------------------------------------
     0 | D:1      | zishaf the Ghoul Warper began the quest for the Orb.
     0 | D:1      | Reached XP level 1. HP: 17/17 MP: 2/2
   156 | D:1      | Slain by a jackal

Illustrated notes

Levels and vault maps discovered:
D:1:      dreamdust_arrival_sigmund_warning, layout_rooms,
          hellmonk_ecumenical_altar_the_god_not_taken

Action                   || total
-------------------------++-------
Melee: Unarmed           ||    17
       Punch             ||     1
Armor: Leather armour    ||    13
Dodge: Dodged            ||    18

Table legend: (Time is in decaauts)
 A = Elapsed time spent in this place.
 B = Non-inter-level travel time spent in this place.
 C = Inter-level travel time spent in this place.
 D = Time resting spent in this place.
 E = Time spent auto-exploring this place.
 F = Levels seen in this place.
 G = Mean time per level.
                   A        B        C        D        E       F      G
               +--------+--------+--------+--------+--------+-----+--------+
         Total |    154 |    154 |      0 |      0 |    106 |   1 |  154.0 |
       Dungeon |    154 |    154 |      0 |      0 |    106 |   1 |  154.0 |
               +--------+--------+--------+--------+--------+-----+--------+

Top non-repeatable levels by time:
     D:1: 154 daAuts
